 Dungeon Sprint DCSS version 0.29.1-1-gd02db6906a (webtiles) character file.

Game seed: 2979627709488245761

171 Hubris850 the Changer (level 5, -2/37 HPs)
             Began as a Merfolk Transmuter on Sept 15, 2022.
             Was a Believer of Makhleb.
             Slain by a wolf (8 damage)
             ... in the Dungeon (Sprint VII: "The Pits").
             The game lasted 00:02:24 (572 turns).

Hubris850 the Changer (Merfolk Transmuter)           Turns: 572, Time: 00:02:24

Health: -2/37      AC:  2    Str: 10    XL:     5   Next: 51%
Magic:  12/12      EV: 12    Int: 15    God:    Makhleb [**....]
Gold:   0          SH:  0    Dex: 14    Spells: 13/14 levels left

rFire   . . .      SeeInvis .     - Unarmed
rCold   . . .      Faith    .   (no shield)
rNeg    . . .      Spirit   .   a - +0 robe
rPois   .          Reflect  .   (helmet currently unavailable)
rElec   .          Harm     .   (no cloak)
rCorr   .          Rampage  .   (no gloves)
Will    .....      NoTele   +   (boots currently unavailable)
Stlth   +.........              (no amulet)
HPRegen 0.12/turn               (no ring)
MPRegen 0.13/turn               (no ring)

@: appendages
A: horns 2, (nimble swimmer 2), mertail
a: End Transformation, Renounce Religion, Minor Destruction


You were in the Dungeon.
You worshipped Makhleb.
Makhleb was pleased with you.
You had temporarily grown beastly horns.
You visited 1 branch

Inventory:

Hand Weapons
 m - a +0 long sword of holy wrath
 n - a +2 vorpal trident
Armour
 a - a +0 robe (worn)
 c - a +3 ring mail
Scrolls
 h - a scroll of blinking
 j - 5 scrolls of amnesia
 k - a scroll of summoning
Potions
 b - a potion of lignification
 d - 6 potions of heal wounds
 e - a potion of haste
 f - 4 potions of magic
 g - 3 potions of berserk rage
 i - 2 potions of invisibility
 l - 5 potions of curing


   Skills:
 - Level 1.1 Fighting
 - Level 2.6 Dodging
 - Level 3.2 Unarmed Combat
 + Level 5.3 Spellcasting
 + Level 7.7 Transmutations
 + Level 5.9 Ice Magic
 + Level 5.1 Invocations


You had 13 spell levels left.
You knew the following spells:

 Your Spells              Type           Power      Damage    Failure   Level
a - Beastly Appendage     Tmut           54%        N/A       1%          1

Your spell library contained the following spells:

 Spells                   Type           Power      Damage    Failure   Level
 Wereblood                Tmut           27%        N/A       1%          2
 Spider Form              Tmut/Pois      15%        N/A       10%         3
 Ice Form                 Ice/Tmut       24%        N/A       10%         4


Dungeon Overview and Level Annotations

Branches:
Dungeon (1/1)

Altars:
Ashenzari
Cheibriados
Dithmenos
Elyvilon
Fedhas
Gozag
Hepliaklqana
Kikubaaqudgha
Makhleb
Nemelex Xobeh
Okawaru
Qazlal
Ru
Sif Muna
Trog
Uskayaw
Vehumet
Wu Jian
Xom
Yredelemnul
Zin
The Shining One
Jiyva
Lugonu


Innate Abilities, Weirdness & Mutations

You have temporarily grown beastly horns.
((You are very nimble when in or above water. (Stealth+, EV+, Speed+++)))
Your lower body shifts to a powerful aquatic tail in water.


Message History

Casting: Beastly Appendage (safe; 1% risk of failure)
Confirm with . or Enter, or press ? or * to list all spells.
You grow a pair of large bovine horns.
The wolf completely misses you. The wolf bites you but does no damage.
You miss the wolf.
The white imp shouts!
You headbutt the wolf. Your punch misses the wolf.
The wolf is lightly wounded.
You hear a shout!
The wolf bites you!
You miss the wolf.
The wolf is lightly wounded.
The wolf barely misses you.
The white imp disappears for a moment.
The wolf bites you.
You miss the wolf. You headbutt the wolf.
The wolf is moderately wounded.
The wolf bites you.
You hit the wolf but do no damage. Your headbutt misses the wolf.
The wolf is moderately wounded.
The wolf misses you. The wolf closely misses you.
You miss the wolf.
The wolf is moderately wounded.
The wolf bites you.
The sky beast flickers out of sight!
Deactivating autopickup; reactivate with Ctrl-A.
An iron imp comes into view.
The wolf barely misses you.
You barely miss the wolf.
The wolf is moderately wounded.
The wolf misses you.
You barely miss the wolf. Your headbutt misses the wolf.
The wolf is moderately wounded.
The wolf bites you!
* * * LOW HITPOINT WARNING * * *
The wolf bites you.
* * * LOW HITPOINT WARNING * * *
You miss the wolf. Your headbutt misses the wolf.
The wolf is moderately wounded.
The wolf bites you!
You die...

#.?(.')))'.##.....
##########.##.....
#...........'.....
#'#####'#####.....
#.#..#.....##.....
#.#).#####'#####'#
#.#).#..÷).##.....
#.#))#....÷##.....
#@#[.###'####.....
#h##'#.....##...<.
#S#........##.....
#5#........##.....
#{###########.....
#.. ###### #.5.
##.#. ....


You could see a water moccasin, a wolf, an iron imp and a white imp.

Vanquished Creatures
  A floating eye (D)
  A scorpion (D)
  An ufetubus (D)
  A bat (D)
  A bat skeleton (D)
  A goblin (D)
  A quokka skeleton (D)
  2 rats (D)
9 creatures vanquished.

Notes
Turn   | Place    | Note
-------+----------+-------------------------------------------
     0 | D        | Hubris850 the Merfolk Transmuter began the quest for the
                  | Orb.
     0 | D        | Reached XP level 1. HP: 15/15 MP: 3/3
    13 | D        | Reached skill level 3 in Transmutations
    35 | D        | Found a glowing golden altar of the Shining One.
    35 | D        | Found a glowing silver altar of Zin.
    35 | D        | Found a basalt altar of Yredelemnul.
    35 | D        | Found a shimmering altar of Xom.
    35 | D        | Found an ornate altar of the Wu Jian Council.
    35 | D        | Found a bloodstained altar of Trog.
    35 | D        | Found a shimmering blue altar of Sif Muna.
    35 | D        | Found a sacrificial altar of Ru.
    35 | D        | Found a stormy altar of Qazlal.
    35 | D        | Found an iron altar of Okawaru.
    35 | D        | Found a sparkling altar of Nemelex Xobeh.
    35 | D        | Found a burning altar of Makhleb.
    35 | D        | Found a viscous altar of Jiyva.
    35 | D        | Found a hazy altar of Hepliaklqana.
    35 | D        | Found an opulent altar of Gozag.
    35 | D        | Found a blossoming altar of Fedhas.
    35 | D        | Found a white marble altar of Elyvilon.
    35 | D        | Found a shadowy altar of Dithmenos.
    35 | D        | Found a snail-covered altar of Cheibriados.
    36 | D        | Found a radiant altar of Vehumet.
    36 | D        | Found a corrupted altar of Lugonu.
    38 | D        | Found an ancient bone altar of Kikubaaqudgha.
    38 | D        | Found a hide-covered altar of Uskayaw.
    38 | D        | Found a broken altar of Ashenzari.
    44 | D        | Became a worshipper of Makhleb the Destroyer
    60 | D        | Reached skill level 1 in Ice Magic
   166 | D        | Reached * piety under Makhleb
   173 | D        | Noticed a scorpion
   183 | D        | Reached skill level 4 in Transmutations
   183 | D        | Reached XP level 2. HP: 15/21 MP: 5/5
   266 | D        | Noticed a floating eye
   270 | D        | Killed a floating eye
   270 | D        | Reached ** piety under Makhleb
   271 | D        | Reached skill level 6 in Transmutations
   271 | D        | Reached skill level 5 in Ice Magic
   271 | D        | Reached XP level 3. HP: 26/26 MP: 5/9
   271 | D        | Reached XP level 4. HP: 32/32 MP: 5/10
   282 | D        | Killed a scorpion
   283 | D        | Reached skill level 5 in Spellcasting
   283 | D        | Reached skill level 7 in Transmutations
   283 | D        | Reached skill level 5 in Invocations
   283 | D        | Reached XP level 5. HP: 10/37 MP: 7/12
   558 | D        | Noticed a wolf
   560 | D        | Noticed a water moccasin
   560 | D        | Noticed a sky beast
   572 | D        | Slain by a wolf

Illustrated notes

Levels and vault maps discovered:
D:        pitsprint [storerooms_1, entrance_room_1, metal_vault_1, armoury_1,
          mini_pit_1, grid_room_1, main_hall_1, silver_pit, the_coven_2,
          the_vestibule_1, steel_vault_1, golden_pit, hallway_of_sentries,
          crystal_vault_3, iron_vault_2, final_vault]

Skill      XL: |  1  2  3  4 |
---------------+-------------+-----
Transmutations | 4 6 7 |  7.7
Ice Magic      | 2 5 |  5.9
Spellcasting   | 4 5 |  5.3
Invocations    | 4 5 |  5.1
Fighting       | |  1.1
Dodging        | |  2.6
Unarmed Combat | |  3.2

Action                   |  1- 3 |  4- 6 || total
-------------------------+-------+-------++-------
Melee: Unarmed           |    25 |    22 ||    47
       Headbutt          |     1 |     6 ||     7
 Cast: Beastly Appendage |     1 |     1 ||     2
  Use: Potion            |       |     1 ||     1
 Stab: Sleeping          |     2 |       ||     2
Armor: Robe              |     3 |     7 ||    10
Dodge: Dodged            |    27 |    21 ||    48
